 Dungeon Crawl Stone Soup version 0.29.1-13-g9f3cf754e1 (webtiles) character file.

Game seed: 3979962671178454052

119 HOAXBANE the Charlatan (level 5, 0/37 HPs)
             Began as a Human Artificer on Feb 6, 2023.
             Was an Initiate of Hepliaklqana.
             Slain by a gnoll
             ... wielding a +0 club
              (4 damage)
             ... on level 3 of the Dungeon.
             The game lasted 00:31:48 (3317 turns).

HOAXBANE the Charlatan (Human Artificer)            Turns: 3317, Time: 00:31:48

Health: 0/37       AC:  3    Str: 12    XL:     5   Next: 23%
Magic:  2/6        EV: 12    Int: 15    God:    Hepliaklqana [......]
Gold:   88         SH:  0    Dex: 11    Spells: 1/6 levels left

rFire   . . .      SeeInvis .   b - +5 dagger of Imminent Death {freeze, Int+2 Dex-3 Stlth+}
rCold   . . .      Faith    .   (no shield)
rNeg    . . .      Spirit   .   h - +0 robe
rPois   .          Reflect  .   (no helmet)
rElec   .          Harm     .   j - +0 cloak
rCorr   .          Rampage  .   (no gloves)
Will    .....                   (no boots)
Stlth   +++.......              (no amulet)
HPRegen 0.12/turn               (no ring)
MPRegen 0.10/turn               (no ring)

@: no status effects
A: no striking features
a: Renounce Religion


You were on level 3 of the Dungeon.
You worshipped Hepliaklqana.
Hepliaklqana was noncommittal.
You visited 1 branch of the dungeon, and saw 3 of its levels.

You collected 88 gold pieces.

Inventory:

Hand Weapons
 a - a +1 dagger of protection
 b - the +5 dagger of Imminent Death (weapon) {freeze, Int+2 Dex-3 Stlth+}
   (You found it on level 2 of the Dungeon)

   It freezes those it strikes, dealing additional cold damage.
   It can also slow down cold-blooded creatures.
   Int:       It affects your intelligence (+2).
   Dex:       It affects your dexterity (-3).
   Stlth:     It makes you more stealthy.
Armour
 h - a +0 robe (worn)
 j - a +0 cloak (worn)
 n - the +2 ring mail of Light {rF- rC++ Str+4 Dex-2}
   (You found it on level 3 of the Dungeon)

   Str:       It affects your strength (+4).
   Dex:       It affects your dexterity (-2).
   rF:        It makes you vulnerable to fire.
   rC:        It greatly protects you from cold.
Wands
 c - a wand of flame (7) (quivered)
 d - a wand of charming (15)
 e - a wand of iceblast (5)
Scrolls
 f - a scroll of fog
Potions
 g - a potion of brilliance
 i - a potion of flight
 k - a potion of lignification {unknown}
 l - a potion of magic {unknown}
 m - a potion of berserk rage {unknown}


   Skills:
 - Level 1.1 Fighting
 + Level 0.3 Short Blades
 - Level 2.0 Armour
 - Level 2.4 Dodging
 + Level 2.2 Stealth
 + Level 1.3 Spellcasting
 + Level 0.2 Summonings
 + Level 1.4 Earth Magic
 + Level 3.4 Evocations


You had one spell level left.
You knew the following spells:

 Your Spells              Type           Power      Damage    Failure   Level
a - Sandblast             Erth           10%        2d5       13%         1
b - Sting                 Tmut/Pois      0%         1d3       24%         1
c - Passwall              Tmut/Erth      2%         N/A       26%         2
d - Summon Small Mammal   Summ           4%         N/A       22%         1

Your spell library contained the following spells:

 Spells                   Type           Power      Damage    Failure   Level
 Apportation              Tloc           0%         N/A       24%         1
 Necrotise                Necr           0%         1d4       24%         1
 Ensorcelled Hibernation  Hex/Ice        0%         N/A       36%         2
 Poisonous Vapours        Pois/Air       0%         N/A       36%         2
 Stone Arrow              Conj/Erth      6%         3d7       47%         3
 Frozen Ramparts          Ice            0%         1d1       58%         3
 Mephitic Cloud           Conj/Pois/Air  0%         N/A       58%         3
 Swiftness                Air            0%         N/A       58%         3
 Summon Ice Beast         Ice/Summ       1%         N/A       92%         4
 Ice Form                 Ice/Tmut       0%         N/A       94%         4
 Olgreb's Toxic Radiance  Pois           0%         N/A       94%         4
 Iron Shot                Conj/Erth      1%         9d1       100%        6
 Storm Form               Tmut/Air       0%         N/A       100%        7


Dungeon Overview and Level Annotations

Branches:
Dungeon (3/15)

Altars:
Gozag
Hepliaklqana
Okawaru
Trog


Message History

You kill the gnoll!
Casting: Sandblast (safe; 13% risk of failure)
Confirm with . or Enter, or press ? or * to list all spells.
Aiming: Sandblast (safe; 13% risk of failure)
Press: ? - help, Shift-Dir - straight line, f - gnoll
Aim: a gnoll, wielding a +0 spear and quivering a throwing net (83% to hit)
The blast of sand hits the gnoll.
The gnoll is heavily wounded.
The gnoll hits you from afar with a +0 spear.
Aiming: Throw Flame
Press: ? - help, Shift-Dir - straight line, f/p - gnoll
Aim: a gnoll, wielding a +0 spear and quivering a throwing net (heavily wounded, 75% to hit)
The puff of flame hits the gnoll.
The gnoll is severely wounded.
The gnoll throws a throwing net.
The throwing net hits you.
You become entangled in the net!
Unknown command.
You struggle against the net.
You struggle against the net.
A worm comes into view.
You struggle against the net.
The gnoll hits you from afar with a +0 spear!
You struggle against the net.
The gnoll hits you but does no damage. The gnoll barely misses you.
Casting: Sandblast (safe; 13% risk of failure)
Confirm with . or Enter, or press ? or * to list all spells.
Aiming: Sandblast (safe; 13% risk of failure)
Press: ? - help, Shift-Dir - straight line, f/p - gnoll
Aim: a gnoll, wielding a +0 spear (severely wounded, 83% to hit)
The blast of sand hits the gnoll but does no damage.
The gnoll hits you with a +0 club.
The gnoll hits you from afar with a +0 spear.
The gnoll hits you with a +0 club.
The gnoll hits you from afar with a +0 spear.
* * * LOW HITPOINT WARNING * * *
The gnoll hits you with a +0 club.
* * * LOW HITPOINT WARNING * * *
Unknown command.
You rip the net and break free!
The gnoll hits you with a +0 club.
You die...

_.§§§§).####........#
..#####.# ##......<.#
### #.###.......†.#
######..##.........#
#.......##.....##'##
#........#.....####
#.........†....##
##.......#.......#
...^.....#.....(@#
....######.....gg###
....# #.......g.#
....# ##.##.#.#<#
....# #.##.#.#.#
....# #..#......
....# ##.#.#....#
....# ..#.#... ....#
.> .....#.


You could see 3 gnolls.

Vanquished Creatures
  Terence (D:2)
  2 adders
  A gnoll (D:3)
  2 worms (D:2)
  A dart slug (D:1)
  An orc (D:3)
  6 endoplasms
  6 giant cockroaches
  3 goblins
  6 hobgoblins
  3 quokkas
  4 ball pythons
  9 bats
  5 frilled lizards
  3 kobolds
  6 rats
59 creatures vanquished.

Notes
Turn   | Place    | Note
-------+----------+-------------------------------------------
     0 | D:1      | HOAXBANE the Human Artificer began the quest for the Orb.
     0 | D:1      | Reached XP level 1. HP: 15/15 MP: 1/1
   691 | D:1      | Reached XP level 2. HP: 20/21 MP: 2/2
   727 | D:1      | Learned a level 1 spell: Sandblast
   978 | D:1      | Got the Collected Works on the Birds and Conflict
  1259 | D:1      | Reached XP level 3. HP: 25/26 MP: 1/3
  1261 | D:1      | Learned a level 1 spell: Sting
  1866 | D:2      | Reached skill level 1 in Spellcasting
  2134 | D:2      | Noticed Terence
  2147 | D:2      | Killed Terence
  2148 | D:2      | Reached skill level 1 in Earth Magic
  2148 | D:2      | Reached XP level 4. HP: 27/32 MP: 2/5
  2241 | D:2      | Learned a level 2 spell: Passwall
  2757 | D:2      | Identified the +5 dagger of Imminent Death {freeze, Int+2
                  | Dex-3 Stlth+}
  2941 | D:3      | Learned a level 1 spell: Summon Small Mammal
  2959 | D:3      | Reached XP level 5. HP: 37/37 MP: 6/6
  2965 | D:3      | Found an iron altar of Okawaru.
  2965 | D:3      | Found a bloodstained altar of Trog.
  3074 | D:3      | Found an opulent altar of Gozag.
  3081 | D:3      | Identified the +2 ring mail of Light {rF- rC++ Str+4 Dex-2}
  3128 | D:3      | Found a faded altar of an unknown god.
  3278 | D:3      | Found a hazy altar of Hepliaklqana.
  3281 | D:3      | Became a worshipper of Hepliaklqana the Forgotten
  3317 | D:3      | Slain by a gnoll

Illustrated notes

Levels and vault maps discovered:
D:1:      dpeg_arrival_leaves_temple_mockup, layout_loops_ring
D:2:      layout_basic, hangedman_decor_opposing, kennysheep_potato,
          uniq_terence
D:3:      layout_basic, nzn_hepliaklqana_mist_gate, lemuel_round_altar,
          grunt_temple_overflow_bloody_war,
          hellmonk_ecumenical_altar_leap_of_faith

Skill      XL: |  1  2  3 |
---------------+----------+-----
Stealth        | 2 |  2.2
Dodging        | 2 |  2.4
Spellcasting   | 1 |  1.3
Earth Magic    | 1 |  1.4
Fighting       | |  1.1
Short Blades   | |  0.3
Armour         | |  2.0
Summonings     | |  0.2
Evocations     | |  3.4

Action                   |  1- 3 |  4- 6 || total
-------------------------+-------+-------++-------
Melee: Club              |    19 |       ||    19
       Short sword       |    22 |       ||    22
       Dagger            |    95 |    70 ||   165
       Punch             |     1 |       ||     1
Throw: Stone             |     1 |       ||     1
 Cast: Sandblast         |    14 |    15 ||    29
       Sting             |     6 |     1 ||     7
       Passwall          |       |     3 ||     3
       Summon Small Mamm |       |     4 ||     4
Evoke: Wand              |     6 |     2 ||     8
  Use: Scroll            |     5 |     1 ||     6
 Stab: Sleeping          |       |     4 ||     4
Armor: Leather armour    |    20 |       ||    20
       Robe              |    27 |    17 ||    44
       Skin              |     2 |       ||     2
Dodge: Dodged            |    83 |    30 ||   113
